 Dungeon Crawl Stone Soup version 0.28.0-43-g3370ac3207 (webtiles) character file.

Game seed: 14416376117006367440

1389 hehateme the Cleaver (level 8, -11/65 HPs)
             Began as a Demonspawn Gladiator on Mar 18, 2022.
             Was a Follower of Okawaru.
             Mangled by a wight
             ... wielding a +0 halberd
              (12 damage)
             ... on level 6 of the Dungeon on Mar 19, 2022.
             The game lasted 00:17:00 (8362 turns).

hehateme the Cleaver (Demonspawn Gladiator)         Turns: 8362, Time: 00:17:01

Health: -11/65     AC: 12    Str: 17    XL:     8   Next: 40%
Magic:  8/8        EV:  7    Int: 10    God:    Okawaru [*.....]
Gold:   290        SH:  0    Dex: 14    Spells: 7/7 levels left

rFire   . . .      SeeInvis .   a - +0 war axe
rCold   . . .      Faith    .   (no shield)
rNeg    . . .      Spirit   .   L - +0 chain mail
rPois   +          Reflect  .   c - +0 helmet
rElec   .          Harm     .   G - +1 cloak {rPois}
rCorr   .          Rampage  .   (no gloves)
Will    .....                   (no boots)
Stlth   ..........              (no amulet)
HPRegen 0.20/turn               (no ring)
MPRegen 0.22/turn               (no ring)

@: about to teleport
A: hooves 2, rugged brown scales 1, magic regeneration
a: Renounce Religion, Heroism


You were on level 6 of the Dungeon.
You worshipped Okawaru.
Okawaru was aware of your devotion.
You visited 2 branches of the dungeon, and saw 7 of its levels.

You collected 290 gold pieces.

Inventory:

Hand Weapons
 a - a +0 war axe (weapon)
 q - a +0 whip of electrocution
Missiles
 l - 6 boomerangs
 n - 3 poisoned darts (quivered)
 o - 17 bolts
 s - 48 stones
 v - 3 sling bullets
 y - 3 silver boomerangs
 Q - 41 arrows
Armour
 b - a +0 leather armour
 c - a +0 helmet (worn)
 h - a +0 ring mail
 G - a +1 cloak of poison resistance (worn)
 L - a +0 chain mail (worn)
Jewellery
 e - an amulet of regeneration
 I - a ring of protection from cold
 N - a ring of positive energy {rN+}
Wands
 f - a wand of flame (17)
 D - a wand of acid (13)
Scrolls
 g - a scroll of blinking {unknown}
 i - a scroll of identify
 k - a scroll of acquirement {unknown}
 r - 2 scrolls of amnesia
 w - a scroll of immolation {unknown}
 x - a scroll of vulnerability {unknown}
 A - a scroll of fog {unknown}
 F - a scroll of fear {unknown}
 H - a scroll of silence {unknown}
 J - a scroll of enchant weapon {unknown}
Potions
 d - a potion of resistance {unknown}
 j - 4 potions of curing
 m - 2 potions of heal wounds
 p - 2 potions of ambrosia {unknown}
 u - 2 potions of degeneration {!q}
 z - a potion of magic
 B - a potion of flight
 C - a potion of invisibility {unknown}
 E - a potion of cancellation {unknown}
 K - a potion of lignification {unknown}


   Skills:
 + Level 6.2 Fighting
 * Level 8.3 Axes
 - Level 1.7 Throwing
 - Level 2.6 Dodging


You had 7 spell levels left.
You didn't know any spells.
Your spell library contained the following spells:

 Spells                   Type           Power      Damage    Failure   Level
 Pain                     Necr           0%         1d4       100%        1
 Sandblast                Erth           0%         2d4       100%        1
 Passwall                 Tmut/Erth      0%         N/A       100%        2
 Stone Arrow              Conj/Erth      0%         3d7       100%        3
 Vampiric Draining        Necr           0%         2d6       100%        3
 Animate Skeleton         Necr           Unusable   N/A       N/A         1

Dungeon Overview and Level Annotations

Branches:
Dungeon (6/15)             Temple (1/1) D:4

Altars:
Cheibriados
Elyvilon
Fedhas
Gozag
Hepliaklqana
Kikubaaqudgha
Nemelex Xobeh
Okawaru
Qazlal
Ru
Sif Muna
Trog
Wu Jian
Yredelemnul
The Shining One

Shops:
D:2 (   D:5 =   D:6 :

Annotations:
D:3 exclusion: downstairs
D:5 1 transporter, Kae's ghost, amateur GnCj


Innate Abilities, Weirdness & Mutations

You have hoof-like feet.
You are partially covered in rugged brown scales. (AC +1, +3% HP)
You regenerate magic rapidly.


Message History

The acid dragon barely misses you.
The acid dragon claws you but does no damage.
You hit the acid dragon. The acid dragon bites you. The acid dragon claws you.
The acid dragon barely misses you. The acid dragon claws you.
* * * LOW HITPOINT WARNING * * *
You take 14 damage, and have 31/65 hp.
GAME OVER YEAH!!
You hit the acid dragon but do no damage.
The acid dragon spits acid at you. The splash of acid hits you!
* * * LOW HITPOINT WARNING * * *
You take 12 damage, and have 19/65 hp.
You hit the acid dragon.
You punch the acid dragon, but do no damage.
The acid dragon bites you!
* * * LOW HITPOINT WARNING * * *
The acid dragon claws you but does no damage.
You take 8 damage, and have 11/65 hp.
You hit the acid dragon. You kick the acid dragon.
You kill the acid dragon!
The acid dragon scales are intact enough to wear.
The black bear bites you but does no damage.
The black bear barely misses you.
The black bear claws you but does no damage.
The black bear bites you but does no damage.
The black bear barely misses you. x2
A wight comes into view. It is wielding a +2 great sword.
Unknown command.
Unknown command.
You remove your ring of protection from cold.
Unknown command.
As you read the scroll of teleportation, it crumbles to dust.
You feel strangely unstable. The black bear closely misses you.
The black bear barely misses you.
The black bear claws you but does no damage.
Unknown command.
The wight hits you with a +2 great sword!
* * * LOW HITPOINT WARNING * * *
The wight hits you from afar with a +0 halberd!
You die...

# #.∩)#...# #.#
#.###((.#...#
#.#
.#...8.....#
#.#
............
..#
.....<......###
###
#...#....####
#.$.#..z.# #
....#.#z##
#.##.## #@# #
.... #.#
.#.#.##[####h#
...........O.#
.....##.######
... ##.# . #..#
##.[ #.## #...
#.#

Skill      XL: |  1  2  3  4  5  6  7  8 |
---------------+-------------------------+-----
Axes           | 3 4 5 6 7 8 |  8.3
Fighting       | 3 4 5 6 |  6.2
Throwing       | |  1.7
Dodging        | |  2.6

Notes
Turn   | Place    | Note
-------+----------+-------------------------------------------
     0 | D:1      | hehateme the Demonspawn Gladiator began the quest for the
                  | Orb.
     0 | D:1      | Reached XP level 1. HP: 16/16 MP: 1/1
   398 | D:1      | Reached skill level 3 in Axes
   665 | D:2      | Gained mutation: You have large cloven feet. [demonic
                  | ancestry]
   665 | D:2      | Reached XP level 2. HP: 22/22 MP: 2/2
  1015 | D:2      | Noticed Robin
  1223 | D:1      | Gained mutation: You have hoof-like feet. [demonic
                  | ancestry]
  1223 | D:1      | Reached XP level 3. HP: 22/28 MP: 3/3
  1388 | D:2      | Killed Robin
  1654 | D:2      | Found Rayd's Antique Weapon Emporium.
  1883 | D:2      | Reached skill level 4 in Axes
  2001 | D:2      | Reached XP level 4. HP: 34/34 MP: 4/4
  2209 | D:3      | Reached skill level 3 in Fighting
  2447 | D:3      | Found a faded altar of an unknown god.
  2522 | D:3      | Found a snail-covered altar of Cheibriados.
  3096 | D:4      | Noticed Eustachio
  3156 | D:4      | You fall into a shaft and drop 1 floor!
  3156 | D:5      | Entered Level 5 of the Dungeon
  3210 | D:5      | Reached XP level 5. HP: 27/41 MP: 5/5
  3416 | D:4      | Found a stormy altar of Qazlal.
  3828 | D:4      | HP: 8/41 [poisoned by a scorpion]
  3830 | D:4      | Reached skill level 5 in Axes
  3839 | D:4      | HP: 10/42 [howler monkey (1)]
  3842 | D:4      | Gained mutation: You are partially covered in rugged brown
                  | scales. (AC +1, +3% HP) [demonic ancestry]
  3842 | D:4      | Reached XP level 6. HP: 10/49 MP: 6/6
  3853 | D:4      | HP: 10/49 [adder skeleton (2)]
  3857 | D:4      | Reached skill level 4 in Fighting
  4638 | D:4      | Killed Eustachio
  5144 | D:4      | Found a staircase to the Ecumenical Temple.
  5154 | Temple   | Entered the Ecumenical Temple
  5279 | Temple   | Became a worshipper of Warmaster Okawaru
  5320 | D:4      | Reached skill level 6 in Axes
  5417 | D:4      | Reached XP level 7. HP: 51/56 MP: 7/7
  5931 | D:5      | Reached skill level 5 in Fighting
  6074 | D:5      | Found a transporter.
  6113 | D:5      | Reached * piety under Okawaru
  6256 | D:5      | Reached skill level 7 in Axes
  6665 | D:5      | Found Tacsal's Jewellery Boutique.
  6701 | D:5      | Noticed Blork the orc
  6717 | D:5      | Killed Blork the orc
  6984 | D:5      | Found a bloodstained altar of Trog.
  6984 | D:5      | Found an opulent altar of Gozag.
  6984 | D:5      | Found an ancient bone altar of Kikubaaqudgha.
  7247 | D:5      | Noticed Kae's ghost (amateur GnCj)
  7388 | D:6      | Gained mutation: You regenerate magic rapidly. [demonic
                  | ancestry]
  7388 | D:6      | Reached XP level 8. HP: 43/64 MP: 8/8
  7954 | D:6      | Found Kats's Book Emporium.
  8156 | D:6      | Reached skill level 6 in Fighting
  8156 | D:6      | Reached skill level 8 in Axes
  8352 | D:6      | HP: 11/65 [acid dragon (8)]
  8362 | D:6      | HP: 1/65 [wight/+2 great sword (12)]
  8362 | D:6      | Mangled by a wight

Table legend: (Time is in decaauts)
 A = Elapsed time spent in this place.
 B = Non-inter-level travel time spent in this place.
 C = Inter-level travel time spent in this place.
 D = Time resting spent in this place.
 E = Time spent auto-exploring this place.
 F = Levels seen in this place.
 G = Mean time per level.
                   A        B        C        D        E       F      G
               +--------+--------+--------+--------+--------+-----+--------+
         Total |   8431 |   7988 |    443 |   2987 |   3901 |   7 | 1204.4 |
       Dungeon |   8296 |   7874 |    422 |   2987 |   3792 |   6 | 1382.7 |
        Temple |    134 |    113 |     21 |      0 |    109 |   1 |  134.0 |
               +--------+--------+--------+--------+--------+-----+--------+

Top non-repeatable levels by time:
     D:4: 2231 daAuts
     D:5: 1631 daAuts
     D:3: 1317 daAuts
     D:2: 1213 daAuts
     D:1: 971 daAuts
     D:6: 929 daAuts
  Temple: 134 daAuts

Table legend:
 A = Kills in this place as a percentage of kills in entire the game.
 B = Kills by you in this place as a percentage of kills by you in the entire game.
 C = Kills by friends in this place as a percentage of kills by friends in the entire game.
 D = Other kills in this place as a percentage of other kills in the entire game.
 E = Experience gained in this place as a percentage of experience gained in the entire game.
 F = Experience gained in this place divided by the number of levels of this place that you have seen.
                   A       B       C       D       E      F
               +-------+-------+-------+-------+-------+----------------------
         Total | 100.0 | 100.0 |   N/A |   N/A | 100.0 | 283.6
       Dungeon | 100.0 | 100.0 |   N/A |   N/A | 100.0 | 330.8
               +-------+-------+-------+-------+-------+----------------------

Action                   |  1- 3 |  4- 6 |  7- 9 || total
-------------------------+-------+-------+-------++-------
Melee: War axe           |    98 |    81 |   104 ||   283
       Kick              |    20 |    36 |    40 ||    96
       Whip              |       |    65 |       ||    65
       Punch             |       |     1 |     3 ||     4
Throw: Dart              |       |     7 |    16 ||    23
       Throwing net      |       |     3 |     1 ||     4
Invok: Heroism           |       |       |     1 ||     1
  Use: Scroll            |     1 |       |     4 ||     5
       Potion            |       |     3 |     1 ||     4
 Stab: Sleeping          |     1 |       |       ||     1
Armor: Leather armour    |     7 |       |       ||     7
       Ring mail         |    69 |    47 |    29 ||   145
       Chain mail        |       |       |    12 ||    12
Dodge: Dodged            |    97 |    71 |    51 ||   219

Vanquished Creatures
  Eustachio (D:4)
  An acid dragon (D:6)
  2 ogres (D:5)
  A phantom (D:6)
  Blork the orc (D:5)
  6 scorpions
  A howler monkey (D:4)
  A jelly (D:6)
  4 hounds
  An orc priest (D:6)
  An iguana (D:5)
  An orc wizard (D:6)
  Robin (D:2)
  5 adders
  3 gnolls (D:3)
  A shadow imp (D:6)
  3 white imps
  3 adder skeletons (D:4)
  A dart slug (D:2)
  11 orcs
  11 ball pythons
  3 bats
  8 endoplasms
  4 giant cockroaches
  12 goblins
  7 hobgoblins
  A quokka (D:2)
  4 frilled lizards
  3 kobolds
  3 rats
105 creatures vanquished. You could see a black bear, an ogre and 2 wights.

Levels and vault maps discovered:
D:1:      mrwooster_arrival_arrow, layout_basic, minivault_5
D:2:      layout_basic, serial_shops, shop, uniq_robin
D:3:      layout_loops_ring, mainiacjoe_overflow_boulevard,
          hellmonk_ecumenical_altar_slurped_away, kennysheep_pointless_box
D:4:      layout_loops_ring, mainiacjoe_overflow_tiny_flanked,
          minmay_temple_entry_overgrown, kennysheep_minor_cross,
          minmay_diced_spiral, uniq_eustachio
D:5:      layout_loops_ring, grunt_temple_overflow_cloverleaf, serial_shops,
          shop, gammafunk_ghost_hive, nicolae_figureground_sparkle,
          uniq_blork_the_orc
D:6:      layout_loops_ring, serial_shops, shop_statue
Temple:   nicolae_temple_figure_zero
